 Dungeon Sprint DCSS version 0.23.2-33-g5129a83184 (webtiles) character file.

Game seed: 3016099149955884862

926 wilfster70 the Cleaver (level 8, -6/77 HPs)
             Began as a Hill Orc Fighter on June 27, 2019.
             Was a High Priest of Qazlal.
             Mangled by a flayed ghost (21 damage)
             ... in the Dungeon (Sprint VII: "The Pits").
             The game lasted 00:03:44 (959 turns).

wilfster70 the Cleaver (Hill Orc Fighter)            Turns: 959, Time: 00:03:46

Health: -6/77      AC: 13    Str: 21    XL:     8   Next: 10%
Magic:  14/14      EV:  8    Int:  8    God:    Qazlal [*****.]
Gold:   0          SH: 17    Dex: 10    Spells: 7/7 levels left

rFire    . . .     SeeInvis .   a - +0 war axe
rCold    . . .     Gourm    .   c - +0 shield
rNeg     . . .     Faith    .   q - +3 chain mail
rPois    .         Spirit   .   (no helmet)
rElec    .         Reflect  .   (no cloak)
rCorr    .         Harm     .   (no gloves)
MR       .....     NoTele   +   (no boots)
Stlth    ..........             (no amulet)
HPRegen  0.22/turn              (no ring)
MPRegen  0.14/turn              (no ring)

@: flayed, repel missiles
A: no striking features
a: Upheaval, Elemental Force, Disaster Area, Renounce Religion


You were in the Dungeon.
You worshipped Qazlal.
Qazlal was extremely pleased with you.
You were hungry.

You visited 1 branch

Inventory:

Hand Weapons
 a - a +0 war axe (weapon)
 b - a +2 long sword of flaming
Armour
 c - a +0 shield (worn)
 q - a +3 chain mail (worn)
Scrolls
 k - a scroll of blinking
 l - 3 scrolls of remove curse
 m - 5 scrolls of amnesia
 n - a scroll of summoning
Potions
 d - a potion of might
 e - 6 potions of curing
 g - 2 potions of invisibility
 h - a potion of haste
 i - 4 potions of magic
 j - 2 potions of berserk rage
 p - 4 potions of heal wounds
Comestibles
 f - 9 rations


   Skills:
 + Level 8.8 Fighting
 * Level 12.0 Axes
 + Level 7.8 Armour
 + Level 5.2 Dodging
 + Level 8.0 Shields
 + Level 8.3 Invocations


You had 7 spell levels left.
You didn't know any spells.
Your spell library was empty.

Dungeon Overview and Level Annotations

Branches:
Dungeon (1/1)

Altars:
Ashenzari
Cheibriados
Dithmenos
Elyvilon
Fedhas
Gozag
Hepliaklqana
Kikubaaqudgha
Makhleb
Nemelex Xobeh
Okawaru
Qazlal
Ru
Sif Muna
Trog
Uskayaw
Vehumet
Wu Jian
Xom
Yredelemnul
Zin
The Shining One
Beogh
Jiyva
Lugonu


Message History

* * * LOW HITPOINT WARNING * * *
You closely miss the flayed ghost.
The flayed ghost is almost destroyed.
Your chain mail prevents you from hitting the flayed ghost.
The flayed ghost is almost destroyed.
The flayed ghost hits you but does no damage.
You closely miss the flayed ghost.
The flayed ghost is almost destroyed.
The flayed ghost stares at you with tortured malice.
You closely miss the flayed ghost.
The flayed ghost is almost destroyed.
The flayed ghost hits you but does no damage.
You closely miss the flayed ghost.
The flayed ghost is almost destroyed.
The flayed ghost hits you!
* * * LOW HITPOINT WARNING * * *
You barely miss the flayed ghost.
The flayed ghost is almost destroyed.
The flayed ghost hits you!!
You die...

#.#........##.......#
#'###########.......#
#..#.#.##..##########
#.......#.######
##.#.#.##.#....#
#.......#'#....#
##.#.#.##n'....+
#......(#W#....#
##.#.#..[@#....#
###############


You could see a flayed ghost and a necrophage.

Vanquished Creatures
  A deep troll (D)
  A warg (D)
  A phantom (D)
  A centaur (D)
  A scorpion (D)
  A crimson imp (D)
  A quasit (D)
  2 river rats (D)
  A white imp (D)
  An ufetubus (D)
  2 leopard geckos (D)
  A bat (D)
  A bat skeleton (D)
  2 kobolds (D)
  A frilled lizard (D)
  A jackal skeleton (D)
  A quokka zombie (D)
  A rat (D)
21 creatures vanquished.

Notes
Turn   | Place    | Note
-------+----------+-------------------------------------------
     0 | D        | wilfster70 the Hill Orc Fighter began the quest for the
                  | Orb.
     0 | D        | Reached XP level 1. HP: 19/19 MP: 1/1
    28 | D        | Reached skill level 3 in Axes
    33 | D        | Found a bloodstained altar of Trog.
    33 | D        | Found a deep blue altar of Sif Muna.
    33 | D        | Found a viscous altar of Jiyva.
    33 | D        | Found a hazy altar of Hepliaklqana.
    33 | D        | Found an opulent altar of Gozag.
    34 | D        | Found a glowing golden altar of the Shining One.
    34 | D        | Found a glowing silver altar of Zin.
    34 | D        | Found a basalt altar of Yredelemnul.
    34 | D        | Found a shimmering altar of Xom.
    34 | D        | Found an ornate altar of the Wu Jian Council.
    34 | D        | Found a sacrificial altar of Ru.
    34 | D        | Found a stormy altar of Qazlal.
    34 | D        | Found an iron altar of Okawaru.
    34 | D        | Found a sparkling altar of Nemelex Xobeh.
    34 | D        | Found a burning altar of Makhleb.
    34 | D        | Found a blossoming altar of Fedhas.
    34 | D        | Found a white marble altar of Elyvilon.
    34 | D        | Found a shadowy altar of Dithmenos.
    34 | D        | Found a snail-covered altar of Cheibriados.
    36 | D        | Found a corrupted altar of Lugonu.
    36 | D        | Found a radiant altar of Vehumet.
    36 | D        | Found a roughly hewn altar of Beogh.
    37 | D        | Found a shattered altar of Ashenzari.
    37 | D        | Found an ancient bone altar of Kikubaaqudgha.
    37 | D        | Found a hide-covered altar of Uskayaw.
    40 | D        | Became a worshipper of Qazlal Stormbringer
    78 | D        | Reached skill level 4 in Axes
    78 | D        | Reached skill level 1 in Dodging
    78 | D        | Reached skill level 1 in Invocations
    78 | D        | Reached XP level 2. HP: 23/27 MP: 1/3
   112 | D        | Reached * piety under Qazlal
   326 | D        | Reached skill level 5 in Axes
   326 | D        | Reached XP level 3. HP: 34/34 MP: 4/4
   330 | D        | Reached ** piety under Qazlal
   397 | D        | Noticed a warg
   421 | D        | Reached *** piety under Qazlal
   421 | D        | Reached skill level 5 in Fighting
   421 | D        | Reached skill level 6 in Axes
   421 | D        | Reached XP level 4. HP: 38/42 MP: 4/6
   455 | D        | Reached skill level 5 in Shields
   470 | D        | Killed a warg
   470 | D        | Reached skill level 8 in Axes
   470 | D        | Reached skill level 5 in Armour
   470 | D        | Reached skill level 5 in Invocations
   470 | D        | Reached XP level 5. HP: 17/51 MP: 6/9
   477 | D        | Reached **** piety under Qazlal
   676 | D        | Noticed a centaur
   681 | D        | Killed a centaur
   681 | D        | Reached skill level 9 in Axes
   681 | D        | Reached XP level 6. HP: 58/58 MP: 10/10
   682 | D        | Noticed a deep troll
   699 | D        | Killed a deep troll
   699 | D        | Reached skill level 11 in Axes
   699 | D        | Reached skill level 5 in Dodging
   699 | D        | Reached XP level 7. HP: 38/69 MP: 10/13
   916 | D        | Reached ***** piety under Qazlal
   916 | D        | Reached skill level 12 in Axes
   916 | D        | Reached XP level 8. HP: 68/77 MP: 14/14
   932 | D        | Noticed a flayed ghost
   932 | D        | Noticed a wraith
   959 | D        | Mangled by a flayed ghost

Skill      XL: |  1  2  3  4  5  6  7 |
---------------+----------------------+-----
Axes           | 4 5 6 8 9 11 12 | 12.0
Fighting       | 4 5 6 8 |  8.8
Dodging        | 1 2 3 5 |  5.2
Invocations    | 1 2 3 5 6 8 |  8.3
Armour         | 4 5 6 7 |  7.8
Shields        | 4 5 6 7 8 |  8.0

Action                   |  1- 3 |  4- 6 |  7- 9 || total
-------------------------+-------+-------+-------++-------
Melee: War axe           |    65 |    74 |    40 ||   179
  Use: Potion            |     1 |     2 |       ||     3
Armor: Scale mail        |    23 |       |       ||    23
       Chain mail        |    18 |    87 |     9 ||   114
Dodge: Dodged            |    30 |    30 |     7 ||    67
Block: Shield            |    50 |   104 |    14 ||   168
